 Dungeon Crawl Stone Soup version 0.26.1-2-gb8aa6d0cf2 (webtiles) character file.

Game seed: 4984587434902121832

9989 hawla the Thaumaturge (level 11, -5/68 HPs)
             Began as a Deep Elf Conjurer on Feb 25, 2021.
             Was a Believer of Kikubaaqudgha.
             Killed from afar by a gargoyle (22 damage)
             ... with a stone arrow
             ... on level 10 of the Dungeon.
             The game lasted 00:39:36 (12429 turns).

hawla the Thaumaturge (Deep Elf Conjurer)          Turns: 12429, Time: 00:39:38

Health: -5/68      AC:  5    Str:  7    XL:     11   Next: 30%
Magic:  20/26      EV: 15    Int: 34    God:    Kikubaaqudgha [**....]
Gold:   657        SH:  6    Dex: 17    Spells: 19/28 levels left

rFire    + . .     SeeInvis +   e - +3 whip (distort)
rCold    + . .     Faith    .   d - +1 buckler
rNeg     . . .     Spirit   .   a - +0 robe
rPois    .         Reflect  .   w - +2 helmet
rElec    +         Harm     .   (no cloak)
rCorr    .         Rampage  .   (no gloves)
Will     +....                  (no boots)
Stlth    ++++......             h - amulet "Xuudeuta" {RegenMP rC+ Str+3 Slay+2 Stlth+}
HPRegen  0.21/turn              v - ring of wizardry
MPRegen  0.45/turn              y - ring "Ahirghaz" {*Contam rF+ Int+7 Dex+4 SInv}

@: no status effects
A: sense surroundings 2, electricity resistance
a: Renounce Religion, Receive Corpses


You were on level 10 of the Dungeon.
You worshipped Kikubaaqudgha.
Kikubaaqudgha was pleased with you.
You visited 2 branches of the dungeon, and saw 12 of its levels.

You collected 657 gold pieces.

Inventory:

Hand Weapons
 e - a +3 whip of distortion (weapon)
 p - a +0 spectral quarterstaff
Missiles
 g - 36 poisoned darts
 i - a curare-tipped dart (quivered)
 s - 6 boomerangs
Armour
 a - a +0 robe (worn)
 d - a +1 buckler (worn)
 w - a +2 helmet (worn)
Jewellery
 f - an uncursed amulet of magic regeneration
 h - the amulet "Xuudeuta" (around neck) {RegenMP rC+ Str+3 Slay+2 Stlth+}
   (You found it on level 8 of the Dungeon)

   [amulet of magic regeneration]

   It increases your magic regeneration.
   It affects your strength (+3).
   It affects your accuracy and damage with ranged weapons and melee attacks
   (+2).
   It protects you from cold.
   It makes you more stealthy.
 v - a ring of wizardry (left hand)
 y - the ring "Ahirghaz" (right hand) {*Contam rF+ Int+7 Dex+4 SInv}
   (You found it on level 9 of the Dungeon)

   [ring of protection from fire]

   It affects your intelligence (+7).
   It affects your dexterity (+4).
   It protects you from fire.
   It lets you see invisible.
   It causes magical contamination when unequipped.
Wands
 b - a wand of enslavement (12)
 m - a wand of acid (11)
 t - a wand of iceblast (13)
 B - a wand of random effects (18)
Scrolls
 c - 6 scrolls of remove curse
 j - a scroll of teleportation
 n - a scroll of magic mapping
 o - 2 scrolls of identify
 A - a scroll of noise {unknown}
Potions
 k - a potion of flight
 l - a potion of resistance
 q - a potion of heal wounds
 r - a potion of haste
 u - a potion of degeneration
 x - 2 potions of cancellation
 z - 2 potions of might


   Skills:
 + Level 8.0 Fighting
 - Level 3.0 Maces & Flails
 - Level 1.0 Throwing
 - Level 5.0 Dodging
 - Level 6.0 Stealth
 - Level 4.0 Shields
 - Level 9.0 Spellcasting
 - Level 9.0 Conjurations
 - Level 9.0 Necromancy
 - Level 1.0 Translocations
 - Level 1.0 Air Magic
 - Level 1.0 Evocations


You had 19 spell levels left.
You knew the following spells:

 Your Spells              Type           Power        Failure   Level
a - Magic Dart            Conj           100%         1%          1
b - Searing Ray           Conj           100%         1%          2
c - Iskenderun's Mystic   Conj/Tloc      49%          1%          4
d - Corpse Rot            Necr/Air       N/A          1%          2

Your spell library contained the following spells:

 Spells                   Type           Power        Failure   Level
 Pain                     Necr           100%         1%          1
 Sublimation of Blood     Necr           33%          1%          2
 Dazzling Flash           Conj/Hex       90%          1%          3
 Vampiric Draining        Necr           33%          1%          3
 Fulminant Prism          Conj/Hex       22%          1%          4


Dungeon Overview and Level Annotations

Branches:
Dungeon (11/15)            Temple (1/1) D:7            Lair (0/6) D:9
    Orc (0/2) D:9

Altars:
Ashenzari
Cheibriados
Dithmenos
Elyvilon
Fedhas
Gozag
Hepliaklqana
Kikubaaqudgha
Makhleb
Nemelex Xobeh
Okawaru
Qazlal
Ru
Sif Muna
Trog
Uskayaw
Vehumet
Wu Jian
Xom
Yredelemnul
Zin
The Shining One

Shops:
D:7 [

Annotations:
D:8 3 runed translucent doors, Gaust's ghost, novice GnWr
D:10 4 runed translucent doors


Innate Abilities, Weirdness & Mutations

You passively map the area around you.
You are resistant to electric shocks. (rElec)


Message History

You block the gargoyle's attack.
Casting: Iskenderun's Mystic Blast (dangerous; 1% risk of failure)
Confirm with . or Enter, or press ? or * to list all spells.
You erupt in a blast of force!
The mystic blast hits the gargoyle but does no damage.
The gargoyle is moderately damaged.
The gargoyle hits you with a +0 mace!!
* * * LOW HITPOINT WARNING * * *
You hit the gargoyle.
Space bends around the gargoyle.
The gargoyle is heavily damaged.
You block the gargoyle's attack.
You hit the gargoyle but do no damage.
The gargoyle is heavily damaged.
You hit the gargoyle but do no damage.
The gargoyle is heavily damaged.
The gargoyle blinks!
The gargoyle hurls a stone arrow at you.
The stone arrow hits you!!
You die...
Kikubaaqudgha rasps: "You have failed me!
Welcome... death!"

...###....##.##### #.......##.#..
##.........).....######.##.......
...##.#...#####...# #.#........
.#.##.##### #...# ##.#..##....
...##.# #...# #.........#. #####.#
#...# ##.##....#..# ###.#.#######
#...# #...#.##.#..# .).#[.......#
#...# #...#.##.#..#
.........##(###.@.###...#..).....
.##.##.#........ยง..........#..###
.##....#..................>#..# #
###.##.#....).......9......#..###
###########.###...###...####.....
#........#..# #...# #...# #.####
#....h..Y#### #...# #...# ##.####
#...hlhhY# #...# ##### #....##


#..hYhhhh# #...#########...... You could see a gargoyle.

Vanquished Creatures
  A hydra (D:11)
  A two-headed ogre (D:9)
  Joseph (D:8)
  A gargoyle (D:10)
  A komodo dragon (D:10)
  4 trolls
  A slime creature (D:9)
  Sigmund (D:5)
  A wyvern (D:8)
  A wraith (D:10)
  Menkaure (D:4)
  2 wargs (D:9)
  A black bear (D:10)
  4 orc warriors (D:9)
  3 sky beasts
  An ice beast (D:5)
  A necrophage (D:7)
  10 ogres
  A phantom (D:9)
  3 centaurs
  6 big kobolds
  7 gnoll sergeants
  6 bullfrogs
  A water moccasin zombie (D:5)
  5 scorpions
  2 water moccasin skeletons
  4 killer bees (D:10)
  4 howler monkeys
  A bullfrog zombie (D:7)
  3 jellies
  2 centaur skeletons
  3 hounds
  6 orc wizards
  A bullfrog skeleton (D:10)
  An orc priest (D:3)
  2 gnoll shamans (D:4)
  2 iguanas
  10 worker ants
  A hound zombie (D:6)
  A hound skeleton (D:5)
  49 gnolls
  13 adders
  A shadow imp (D:7)
  4 white imps
  3 ufetubi
  An adder zombie (D:8)
  3 worms
  A dart slug (D:2)
  5 leopard geckos
  15 orcs
  3 giant cockroaches
  3 hobgoblins
  24 jackals
  2 quokkas
  3 ball pythons
  3 bats
  3 frilled lizards
  6 goblins
  14 kobolds
  A quokka skeleton (D:6)
  3 rats
268 creatures vanquished.

Vanquished Creatures (others)
  11 plants
11 creatures vanquished.

Grand Total: 279 creatures vanquished

Notes
Turn   | Place    | Note
-------+----------+-------------------------------------------
     0 | D:1      | hawla the Deep Elf Conjurer began the quest for the Orb.
     0 | D:1      | Reached XP level 1. HP: 10/10 MP: 6/6
   257 | D:1      | Reached XP level 2. HP: 16/16 MP: 6/8
   857 | D:2      | Learned a level 2 spell: Searing Ray
  1273 | D:2      | Reached XP level 3. HP: 20/20 MP: 6/10
  1291 | D:2      | You fall into a shaft and drop 2 floors!
  1293 | D:4      | Noticed Menkaure
  1303 | D:4      | Killed Menkaure
  1304 | D:4      | Reached skill level 1 in Fighting
  1304 | D:4      | Reached skill level 5 in Conjurations
  1304 | D:4      | Reached XP level 4. HP: 8/25 MP: 7/12
  1304 | D:4      | Reached XP level 5. HP: 9/29 MP: 7/13
  1551 | D:4      | Learned a level 4 spell: Iskenderun's Mystic Blast
  1805 | D:4      | Reached XP level 6. HP: 35/35 MP: 14/14
  2818 | D:3      | Found a blossoming altar of Fedhas.
  3214 | D:4      | Reached skill level 5 in Spellcasting
  3318 | D:4      | Reached skill level 5 in Stealth
  3324 | D:4      | Reached skill level 5 in Dodging
  3324 | D:4      | Reached XP level 7. HP: 40/40 MP: 3/17
  4274 | D:4      | Reached skill level 1 in Necromancy
  4386 | D:4      | Reached skill level 1 in Translocations
  4398 | D:4      | Reached XP level 8. HP: 44/44 MP: 9/19
  4399 | D:4      | Reached skill level 1 in Shields
  4746 | D:5      | Entered Level 5 of the Dungeon
  5025 | D:5      | Noticed Sigmund
  5030 | D:5      | Killed Sigmund
  5640 | D:6      | Reached XP level 9. HP: 42/50 MP: 15/23
  5713 | D:6      | Found a stormy altar of Qazlal.
  5713 | D:6      | Found a broken altar of Ashenzari.
  5721 | D:6      | Found a glowing golden altar of the Shining One.
  5742 | D:6      | Found a faded altar of an unknown god.
  5744 | D:6      | Found a faded altar of an unknown god.
  6039 | D:6      | Found a sacrificial altar of Ru.
  6676 | D:7      | Found Sashakk's Armour Shoppe.
  6815 | D:7      | Reached skill level 1 in Throwing
  6815 | D:7      | Reached skill level 1 in Evocations
  6906 | D:7      | Got a fading long sword
  6907 | D:7      | Identified the +5 long sword of Hajeemai {speed, rF+ rC-
                  | Int+4 Dex+2 SInv} (You found it on level 7 of the Dungeon)
  6915 | D:7      | Found an ancient bone altar of Kikubaaqudgha.
  6957 | D:7      | Found a staircase to the Ecumenical Temple.
  6967 | Temple   | Entered the Ecumenical Temple
  7133 | Temple   | Became a worshipper of Kikubaaqudgha
  7335 | D:7      | Reached skill level 1 in Maces & Flails
  7912 | D:8      | Noticed Joseph
  7931 | D:8      | Killed Joseph
  8021 | D:8      | Reached * piety under Kikubaaqudgha
  8021 | D:8      | Identified Kikubaaqudgha's Handbook of Necromancy
                  | (Kikubaaqudgha gifted it to you on level 8 of the Dungeon)
  8021 | D:8      | Received a gift from Kikubaaqudgha
  8028 | D:8      | Learned a level 2 spell: Corpse Rot
  8091 | D:8      | Found a shadowy altar of Dithmenos.
  8130 | D:8      | Got a coiled brass amulet
  8238 | D:8      | Reached XP level 10. HP: 56/56 MP: 22/25
  8261 | D:8      | Reached skill level 5 in Necromancy
  8313 | D:8      | Found a runed translucent gate.
  8314 | D:8      | Found a runed translucent gate.
  8314 | D:8      | Found a runed translucent gate.
  8315 | D:8      | Noticed an 11-headed hydra
  8316 | D:8      | Noticed Gaust's ghost (novice GnWr)
  9054 | D:9      | Got a steaming lapis lazuli ring
  9203 | D:9      | Reached skill level 1 in Air Magic
  9273 | D:9      | Found a staircase to the Lair.
  9288 | D:9      | Gained mutation: You passively map a small area around you.
                  | [potion of mutation]
  9288 | D:9      | Gained mutation: You passively map the area around you.
                  | [potion of mutation]
  9288 | D:9      | Gained mutation: You are resistant to electric shocks.
                  | (rElec) [potion of mutation]
  9628 | D:9      | Noticed a two-headed ogre
  9637 | D:9      | Killed a two-headed ogre
  9638 | D:9      | Reached skill level 5 in Fighting
  9695 | D:9      | Found a staircase to the Orcish Mines.
  9712 | D:9      | Reached ** piety under Kikubaaqudgha
 10503 | D:9      | Identified the amulet "Xuudeuta" {RegenMP rC+ Str+3 Slay+2
                  | Stlth+} (You found it on level 8 of the Dungeon)
 10514 | D:9      | Identified the ring "Ahirghaz" {*Contam rF+ Int+7 Dex+4
                  | SInv} (You found it on level 9 of the Dungeon)
 10529 | D:10     | Entered Level 10 of the Dungeon
 10631 | D:10     | Noticed a gargoyle
 10689 | D:10     | Killed a gargoyle
 10906 | D:10     | Reached XP level 11. HP: 65/66 MP: 26/26
 11492 | D:10     | Found a huge runed translucent gate.
 11493 | D:10     | Found a huge runed translucent gate.
 11494 | D:10     | Found a huge runed translucent gate.
 11495 | D:10     | Found a huge runed translucent gate.
 11935 | D:11     | Noticed a six-headed hydra
 11945 | D:11     | Killed a six-headed hydra
 11955 | D:11     | Noticed a centaur warrior
 12429 | D:10     | Killed from afar by a gargoyle

Illustrated notes

Levels and vault maps discovered:
D:1:      dpeg_arrival_boxorama, layout_loops_ring
D:2:      layout_basic, serial_forest, infiniplex_forest_lined_4_way,
          infiniplex_forest_lined_corner, infiniplex_forest_clump_small,
          infiniplex_forest_lined_3_way, infiniplex_forest_lined_3_way,
          infiniplex_forest_corner_2
D:3:      wander_river, layout_basic, fedhas_altar_fruit_tree
D:4:      lemuel_castle_with_subvaults [lemuel_castle_interior_original],
          layout_loops_ring, uniq_menkaure
D:5:      layout_rooms, uniq_sigmund
D:6:      layout_loops_ring, chequers_temple_overflow_minitemple,
          nicolae_ru_awakened_eye
D:7:      layout_loops_ring, minmay_temple_entry_large_hall, serial_shops, shop,
          basic_altar, grunt_ministairs_7, kennysheep_pointless_box
D:8:      layout_basic, nicolae_dithmenos_shadow_blocks,
          gammafunk_ghost_hydra_chop, grunt_decor_one_mirror, uniq_joseph
D:9:      minmay_distorted_concentric_squares, layout_gridville,
          erik_lair_orcish_takeover, kennysheep_orc_monster_closet_entryway
D:10:     lemuel_bear_cage, layout_loops_cross, minmay_puff
D:11:     nzn_winding_woodlands_three_and_one
          [nzn_winding_woodlands_5x15_concentric,
          nzn_winding_woodlands_5x15_sawtooth,
          nzn_winding_woodlands_5x15_garden,
          nzn_winding_woodlands_center_diamonds], layout_loops_ring
Temple:   dpeg_five_rooms_temple

Skill      XL: |  1  2  3  4  5  6  7  8  9 10 11 |
---------------+----------------------------------+-----
Stealth        | 3 4 5 6 |  6.0
Fighting       | 1 2 3 4 6 8 |  8.0
Dodging        | 3 4 5 |  5.0
Spellcasting   | 4 5 6 8 9 |  9.0
Conjurations   | 5 6 7 8 9 |  9.0
Necromancy     | 1 3 4 9 |  9.0
Translocations | 1 |  1.0
Shields        | 3 4 |  4.0
Throwing       | 1 |  1.0
Evocations     | 1 |  1.0
Maces & Flails | 2 3 |  3.0
Air Magic      | 1 |  1.0

Action                   |  1- 3 |  4- 6 |  7- 9 | 10-12 || total
-------------------------+-------+-------+-------+-------++-------
Melee: Whip              |    10 |     8 |    13 |    35 ||    66
 Cast: Magic Dart        |    24 |     9 |    59 |    16 ||   108
       Searing Ray       |     6 |    32 |   104 |    48 ||   190
       Iskenderun's Myst |       |     4 |    20 |    53 ||    77
       Corpse Rot        |       |       |     1 |     2 ||     3
  Use: Scroll            |     3 |     5 |    12 |     5 ||    25
       Potion            |       |     1 |     1 |     8 ||    10
 Stab: Sleeping          |     1 |       |     1 |     2 ||     4
       Distracted        |       |       |       |     1 ||     1
Armor: Robe              |     2 |     1 |     8 |     9 ||    20
       Skin              |       |       |     8 |       ||     8
Dodge: Dodged            |     7 |    20 |    67 |    56 ||   150
Block: Buckler           |     2 |     3 |    16 |    28 ||    49
